[Event "Late-Titled-Tuesday-Blitz-April-30-2024"]
[Site "Chess.com"]
[Date "2024.04.30"]
[Round "7"]
[White "Caterpiller35"]
[Black "mjelcic"]
[Result "1-0"]
[WhiteElo "2481"]
[BlackElo "2326"]
[TimeControl "180+1"]
[EndTime "15:17:24 PDT"]
[Termination "Caterpiller35 won by resignation"]

1. e4 g6 2. d4 Bg7 3. Nc3 d6 4. f4 a6 5. Nf3 b5 6. Bd3 Bb7 7. Qe2 e5 8. fxe5 dxe5 9. d5 Ne7 10. Bxb5+ axb5 11. Qxb5+ Bc6 12. dxc6 Nbxc6 13. Nd5 O-O 14. Nxe7+ Nxe7 15. Be3 Rb8 16. Qc4 Rxb2 17. O-O Qb8 18. Ng5 Qb4 19. Qxb4 Rxb4 20. Bc5 Nc6 21. Bxf8 Bxf8 22.
Nxf7 Bc5+ 23. Kh1 Rxe4 24. Rae1 Rxe1 25. Nh6+ Kg7 26. Rxe1 Kxh6 27. g3 Kg5 28. Re4 Kf5 29. Rc4 Bf2 30. Rxc6 e4 31. Kg2 Bb6 32. c4 Ke5 33. c5 Ba5 34. Ra6 Bb4 35. c6 Bc5 36. Ra5 Kd4 37. Kf2 Bb4 38. Ra7 Kd3 39. Rxc7 e3+ 40. Kf3 e2 41. Rd7+ Kc4 42. Kxe2 1-0

[Event "Late-Titled-Tuesday-Blitz-April-30-2024"]
[Site "Chess.com"]
[Date "2024.04.30"]
[Round "7"]
[White "ChristopherYoo"]
[Black "Byniolus"]
[Result "1-0"]
[WhiteElo "3024"]
[BlackElo "2839"]
[TimeControl "180+1"]
[EndTime "15:17:25 PDT"]
[Termination "ChristopherYoo won on time"]

1. e4 d6 2. d4 Nf6 3. Nc3 c6 4.
f4 Qb6 5. e5 Nd5 6. Nf3 Bg4 7.
Be2 e6 8. O-O Nd7 9. Ne4 dxe5 10.
fxe5 Bxf3 11. Rxf3 Nxe5 12. Rf2 Ng6 13. c4 Nf6 14. Rxf6 gxf6 15. Nxf6+ Kd8 16. c5 Qc7 17. Be3 Be7 18. Qf1 Kc8 19. Qf2 Qd8 20. Rf1 h5 21.
Bxh5 Bxf6 22. Bxg6 fxg6 23. Qxf6 Qxf6 24. Rxf6 Rg8 25.
Rxe6 Kd7 26. Rd6+ Ke7 27. Bg5+ Kf7 28. Rd7+ Ke6 29. Rxb7 Rab8 30. Rc7 Rgc8 31. Re7+ Kd5 32. Rd7+ Ke4 33. b3 a5 34. h4 a4 35. bxa4 Rb2 36.
Re7+ Kd5 37. Re5+ Kc4 38. Re6 Rxa2 39. Rxg6 Kxd4 40. Be7 Kd5 41. h5 Rxa4 42. h6 Rh8 43.
Rd6+ Ke5 44. Bf6+ 1-0

[Event "Late-Titled-Tuesday-Blitz-April-30-2024"]
[Site "Chess.com"]
[Date "2024.04.30"]
[Round "7"]
[White "sillypiggy2024"]
[Black "hammahamma"]
[Result "0-1"]
[WhiteElo "1733"]
[BlackElo "2248"]
[TimeControl "180+1"]
[EndTime "15:17:26 PDT"]
[Termination "hammahamma won on time"]

1. d4 d5 2. c4 dxc4 3. Nf3 Nf6 4. e3 e6 5. Bxc4 a6 6. Nc3 c5 7. b3 Nc6 8. dxc5 Qxd1+ 9. Nxd1 Bxc5 10. Bb2 b5 11.
Be2 Bb7 12. O-O O-O 13. Nc3 Rfd8 14. Rfd1 Kf8 15. Rac1 Bb6 16. Nd2 Ke7 17. Nde4 Nxe4 18. Nxe4 f6 19. h3 Rac8 20. Rxd8 Nxd8 21. Ba3+ Kd7 22.
Rd1+ Bd5 23. Bf3 Rc2 24. Bf8 f5 25. Ng3 g6 26. Bxd5 exd5 27. Rxd5+ Ke8 28. Bb4 Rxa2 29. Rd6 Bc7 30. Rf6 Bxg3 31. fxg3 a5 32. Bc5 a4 33.
bxa4 bxa4 34. Rf8+ Kd7 35. Rh8 h5 0-1

[Event "Late-Titled-Tuesday-Blitz-April-30-2024"]
[Site "Chess.com"]
[Date "2024.04.30"]
[Round "7"]
[White "SpeedofLight0"]
[Black "mishanick"]
[Result "0-1"]
[WhiteElo "3030"]
[BlackElo "3118"]
[TimeControl "180+1"]
[EndTime "15:17:29 PDT"]
[Termination "mishanick won by resignation"]

1. d4 Nf6 2. Nc3 d5 3. Bf4 a6 4.
e3 h6 5. Nf3 e6 6. Bd3 c5 7. O-O Nc6 8. dxc5 Bxc5 9. e4 O-O 10.
h3 Re8 11. Re1 d4 12. Ne2 e5 13. Bd2 Be6 14. Ng3 Nd7 15. Nf5 Bf8 16. Nh2 Nc5 17.
Qf3 Kh7 18. Ng4 Nxd3 19. cxd3 h5 20. Nh2 g6 21. Ng3 Bg7 22. Qe2 Rc8 23. Nf3 Bf6 24.
Rec1 Kg7 25. Qd1 Qe7 26. a3 Rc7 27. Rc2 Bb3 28. Bb4 Bxc2 29. Bxe7 Bxd1 30. Bxf6+ Kxf6 31. Rxd1 Rec8 32. Ne2 Nd8 33. Ne1 Ne6 34. g3 g5 35. Kg2 Ke7 36. Rb1 f6 37. Kf3 b5 38. Kg2 Kf7 39. Kf1 g4 40. hxg4 hxg4 41. Ng2 Ng5 42. Nh4 Rc2 43. b4 Nf3 44. Ra1 Rd2 45.
Nxf3 gxf3 46. Ng1 Rcc2 47. Nh3 Rxd3 48. a4 bxa4 49. b5 axb5 50. Kg1 a3 51. Kh2 a2 52. g4 Rb3 53. Rg1 Rb1 54. Rg3 a1=Q 55. Rxf3 Rh1+ 56.
Kg3 Rxh3+ 57. Kxh3 Qh1+ 58. Kg3 Qxf3+ 59. Kxf3 b4 0-1

[Event "Late-Titled-Tuesday-Blitz-April-30-2024"]
[Site "Chess.com"]
[Date "2024.04.30"]
[Round "7"]
[White "Sjakkerntobi"]
[Black "Jarming"]
[Result "1-0"]
[WhiteElo "2525"]
[BlackElo "2666"]
[TimeControl "180+1"]
[EndTime "15:17:30 PDT"]
[Termination "Sjakkerntobi won by resignation"]

1. e4 c6 2. Nc3 d5 3. Nf3 Bg4 4. h3 Bxf3 5. Qxf3 e6 6. d3 Nd7 7. g4 g6 8. Bd2 Bg7 9. O-O-O Ne7 10. Qg3 b5 11. f4 b4 12. Ne2 Rb8 13. h4 Qa5 14.
Kb1 Rb6 15. Bh3 Nc5 16. e5 Na4 17. d4 h5 18. gxh5 Rxh5 19. Bg4 Nf5 20. Qe1 Rh8 21. h5 gxh5 22. Bxf5 exf5 23. Ka1 Bf8 24. Nc1 Qb5 25. e6 Nc3 26. exf7+ Kxf7 27. Bxc3 bxc3 28. Qxc3 Bb4 29. Qf3 Be7 30. Nd3 h4 31. Qf2 Bf6 32. Rhg1 c5 33. Qg2 Bxd4 34. Qxd5+ Kf8 35. Qxf5+ Ke7 36. Rge1+ Kd8 37. c3 c4 38. Qxb5 Rxb5 39.
Ne5 h3 40. Nf7+ Kc8 41. cxd4 Rhh5 42. Nd6+ 1-0

[Event "Late-Titled-Tuesday-Blitz-April-30-2024"]
[Site "Chess.com"]
[Date "2024.04.30"]
[Round "7"]
[White "FREZZY23"]
[Black "Janh4"]
[Result "0-1"]
[WhiteElo "2350"]
[BlackElo "2208"]
[TimeControl "180+1"]
[EndTime "15:17:30 PDT"]
[Termination "Janh4 won by checkmate"]

1. Nf3 d5 2. g3 Nc6 3. d4 Bf5 4. Bg2 e6 5. O-O Nb4 6. Na3 c5 7. c3 Nc6 8. Qa4 Bd6 9. Qb5 Qb6 10. Qxb6 axb6 11. Nb5 Kd7 12. Nxd6 Kxd6 13. Bf4+ Kd7 14. a3 f6 15. Rad1 Nge7 16. Rfe1 Be4 17. dxc5 bxc5 18.
Nd2 Bxg2 19. Kxg2 e5 20. Be3 d4 21. Nb3 b6 22. Bc1 Ke6 23. cxd4 cxd4 24. e3 dxe3 25.
Bxe3 Nd5 26. Nd4+ Nxd4 27. Bxd4 Kd6 28. Bxb6 Rhb8 29. Be3 Rxb2 30. Rd3 Ke6 31. Bc1 Rc2 32. Red1 Ra5 33. Kf3 Rc3 34. Rxc3 Nxc3 35. Rd3 e4+ 36.
Ke3 exd3 37. Kxd3 Nd5 38. Kc4 Ra4+ 39. Kb3 Re4 40. a4 Rb4+ 41. Ka3 Rc4 42. Bd2 Nb6 43. a5 Na8 44. Kb3 Re4 45. Be3 f5 46. Kc3 Kd5 47.
Kd3 Ra4 48. Bd2 g6 49. Ke3 Ke5 50. Kf3 Kd5 51. h3 h5 52. g4 hxg4+ 53. hxg4 Rxg4 54. Bf4 Kc6 55. Be3 Kb5 56. Bd2 Ra4 57. Kg3 Nc7 58. f4 Ne6 59. Be3 Ra3 60. Kf3 Rxe3+ 61. Kxe3 Kxa5 62.
Kf3 Kb5 63. Kg3 Kc5 64. Kh4 Kd5 65. Kg3 Ke4 66. Kh4 Kxf4 67. Kh3 Ke3 68. Kh4 f4 69.
Kh3 Nd4 70. Kh4 Nf5+ 71. Kg5 f3 72. Kxg6 f2 73. Kf6 f1=Q 74. Ke5 Qf3 75. Ke6 Qc6+ 76. Ke5 Qc5+ 77. Kf6 Ke4 78. Kg5 Qe5 79. Kg6 Ne7+ 80.
Kf7 Qf4+ 81. Ke8 Kd5 82. Kd7 Ng6 83. Kc8 Qf7 84. Kb8 Kc6 85. Ka8 Qb7# 0-1

[Event "Late-Titled-Tuesday-Blitz-April-30-2024"]
[Site "Chess.com"]
[Date "2024.04.30"]
[Round "7"]
[White "Polish_fighter3000"]
[Black "LyonBeast"]
[Result "0-1"]
[WhiteElo "3088"]
[BlackElo "3130"]
[TimeControl "180+1"]
[EndTime "15:17:32 PDT"]
[Termination "LyonBeast won on time"]

1. e4 c5 2. Nf3 d6 3. d4 cxd4 4.
Nxd4 Nf6 5. Nc3 a6 6. Bg5 e6 7. f4 Qb6 8. Qd2 Qxb2 9. Rb1 Qa3 10. Be2 Nbd7 11. O-O Qc5 12. Kh1 Be7 13. f5 e5 14. Nb3 Qc7 15. a4 b6 16. Nd5 Nxd5 17. exd5 Nf6 18. Bxf6 Bxf6 19. Qe3 h6 20. c4 Bd7 21.
Qf2 Bxa4 22. Nd2 Rb8 23. Bd3 Ke7 24. Ne4 Bd7 25. Rb2 Rb7 26. Rfb1 Rhb8 27. g4 Bg5 28. Nxg5 hxg5 29. f6+ gxf6 30. Rf1 f5 31. Bxf5 Qxc4 32.
Be6 Bxe6 33. Qf6+ Kd7 34. dxe6+ Qxe6 35. Qxg5 Re8 36. Rd2 Kc8 37. Rf6 Qc4 38. Rdxd6 Rc7 39. Rxb6 Qe4+ 40. Kg1 Qd4+ 41. Kh1 Qd1+ 42. Kg2 Rc2+ 43.
Kh3 Qd3+ 0-1

[Event "Late-Titled-Tuesday-Blitz-April-30-2024"]
[Site "Chess.com"]
[Date "2024.04.30"]
[Round "7"]
[White "IlanSchnaider"]
[Black "NajdorfPlayerc5"]
[Result "1-0"]
[WhiteElo "2744"]
[BlackElo "2489"]
[TimeControl "180+1"]
[EndTime "15:17:32 PDT"]
[Termination "IlanSchnaider won by resignation"]

1. e4 c6 2. Nf3 d5 3. Nc3 dxe4 4.
Nxe4 Nf6 5. Qe2 Nxe4 6. Qxe4 Nd7 7. Bc4 Nf6 8. Ne5 e6 9. Qf4 Bd6 10. d4 O-O 11. O-O Qc7 12. Bd3 c5 13. c3 cxd4 14.
cxd4 b6 15. Qh4 Bxe5 16. dxe5 Qxe5 17. Bg5 h6 18. Bxf6 Qxf6 19. Qe4 Qg6 20. Qxa8 Qxd3 21. Rfd1 Qg6 22. Rac1 Ba6 23. Qf3 e5 24. h3 e4 25.
Qf4 Be2 26. Rd6 f6 27. Kh2 Re8 28. Rc7 Bb5 29. Rc3 e3 30. Rxe3 Rxe3 31. Qxe3 Bf1 32. Qf3 Qg5 33. Qd5+ Qxd5 34. Rxd5 Bc4 35. Rd8+ Kh7 36.
b3 Be6 37. Ra8 a5 38. Ra6 Bf5 39. Rxb6 Bb1 40. a3 Bc2 41. b4 axb4 42. Rxb4 Kg6 43. a4 Kf7 44. a5 Ke6 45. Rb6+ Kd7 46. Rb7+ Kc6 47. Rxg7 Kb5 48. Rf7 Kxa5 49. Rxf6 h5 50. Rh6 Kb5 51. Rxh5+ Kc6 52. Rh8 Kd7 53. h4 Ke7 54. h5 Kf7 55. h6 Kg6 56. g4 Bd1 57.
Kg3 Be2 58. f4 Bd3 59. f5+ Kf7 60. Kf4 Bb1 61. g5 Bc2 62. Rc8 Bxf5 63. Kxf5 Ke7 64. h7 Kd6 65. h8=Q 1-0

[Event "Late-Titled-Tuesday-Blitz-April-30-2024"]
[Site "Chess.com"]
[Date "2024.04.30"]
[Round "7"]
[White "disciplinedbrat"]
[Black "Mikhail_Golubev"]
[Result "1-0"]
[WhiteElo "2448"]
[BlackElo "2597"]
[TimeControl "180+1"]
[EndTime "15:17:32 PDT"]
[Termination "disciplinedbrat won on time"]

1. e4 c5 2. Nf3 Nc6 3. d4 cxd4 4. Nxd4 Nf6 5. Nc3 d6 6. Bg5 e6 7. Qd2 a6 8. O-O-O Bd7 9. Kb1 Be7 10. Nxc6 Bxc6 11.
f3 Rc8 12. h4 Qa5 13. g4 O-O 14. Be3 Rfd8 15. Nd5 Qxd2 16. Nxe7+ Kf8 17. Bxd2 Kxe7 18. Bb4 h5 19. g5 Ne8 20. Bh3 f6 21. gxf6+ gxf6 22.
Rhg1 Kf7 23. Ba5 Rd7 24. Rd2 d5 25. Rgd1 Nc7 26. c4 Ne8 27. cxd5 exd5 28. Bxd7 Bxd7 29. Rxd5 Be6 30. Rxh5 Kg6 31. Rh8 f5 32. Rg1+ Kf7 33. Rh7+ Kf6 34. Bc3+ Rxc3 35. bxc3 fxe4 36. fxe4 Nd6 37.
Rh6+ Ke5 38. Rgg6 Bxa2+ 39. Kxa2 1-0

[Event "Late-Titled-Tuesday-Blitz-April-30-2024"]
[Site "Chess.com"]
[Date "2024.04.30"]
[Round "7"]
[White "jraosam"]
[Black "maracayo"]
[Result "0-1"]
[WhiteElo "2098"]
[BlackElo "2378"]
[TimeControl "180+1"]
[EndTime "15:17:32 PDT"]
[Termination "maracayo won by resignation"]

1. e4 c5 2. Nf3 d6 3. d4 cxd4 4. Nxd4 Nf6 5. Nc3 a6 6. Bg5 Nbd7 7. Bc4 e6 8. O-O Qc7 9. Bb3 Nc5 10. Qf3 Be7 11.
Rae1 O-O 12. Qg3 Re8 13. f4 Nxb3 14. Nxb3 Bd7 15. Qf3 Bc6 16. g4 b5 17. Bh4 b4 18.
Nd1 Nxe4 19. Bxe7 Nc5 20. Bxd6 Qxd6 21. Qg3 Ne4 22. Qe3 f5 23. g5 a5 24. Nf2 a4 25. Nd4 Bd5 26. Nxe4 Bxe4 27. Rd1 Bd5 28. a3 bxa3 29. bxa3 Rac8 30. Rfe1 Qc5 31. Nxf5 exf5 32. Qxc5 Rxe1+ 33. Rxe1 Rxc5 34. Re5 Rb5 35. Rxf5 Bc4 36. Rxb5 Bxb5 37. Kf2 Kf7 38. Ke3 g6 39. Kd4 Ke6 40. Kc5 Be2 41. c4 Kf5 42. Kb4 Kxf4 43. c5 Bf3 44. Kxa4 Kxg5 45. Kb5 Kf6 46. a4 Ke7 47. a5 Kd7 48. Kb6 g5 49. a6 g4 50. Kb5 h5 51. Kc4 h4 52. Kd3 g3 53. hxg3 hxg3 54. Ke3 g2 55. Kf2 Ba8 56. Kg1 Ke6 57. Kf2 Ke5 58. Kg1 Kd4 59. Kf2 Kxc5 60. Kg1 Kb6 61. Kf2 Kxa6 62. Kg1 Kb5 63. Kf2 Kc5 64. Kg1 Kd4 65. Kf2 Kd3 66. Kg1 Ke2 67.
Kh2 Kf2 68. Kh3 g1=Q 69. Kh4 Qg6 0-1

[Event "Late-Titled-Tuesday-Blitz-April-30-2024"]
[Site "Chess.com"]
[Date "2024.04.30"]
[Round "7"]
[White "Hilary46"]
[Black "Agustin_Meza"]
[Result "1-0"]
[WhiteElo "2722"]
[BlackElo "2154"]
[TimeControl "180+1"]
[EndTime "15:17:32 PDT"]
[Termination "Hilary46 won by checkmate"]

1. e4 c6 2. d4 d5 3. Nc3 dxe4 4. Nxe4 Nf6 5. Nxf6+ exf6 6. c3 Bd6 7. Bd3 O-O 8.
Qc2 Re8+ 9. Ne2 h6 10. O-O Nd7 11. Ng3 Nf8 12. Nf5 Bxf5 13. Bxf5 Qc7 14. h3 Ne6 15. g3 c5 16. d5 Ng5 17. Kg2 g6 18. h4 Nh7 19.
Bd3 c4 20. Be2 Bf8 21. Bf4 Qd7 22. Bf3 g5 23. Be3 f5 24. hxg5 hxg5 25. Rh1 g4 26.
Bxg4 Qxd5+ 27. Bf3 Re4 28. Rad1 Qe6 29. Bxe4 fxe4 30.
Qe2 Bg7 31. Bd4 f6 32. Rh4 Ng5 33. Be3 Nf3 34. Rh5 Qg4 35. Qxc4+ Kf8 36. Rdh1 Ne5 37. Bc5+ Ke8 38. Rh8+ Kd7 39. Qd5+ Kc7 40. Qd6# 1-0

[Event "Late-Titled-Tuesday-Blitz-April-30-2024"]
[Site "Chess.com"]
[Date "2024.04.30"]
[Round "7"]
[White "Njal28"]
[Black "WoodlandMagic"]
[Result "1-0"]
[WhiteElo "3085"]
[BlackElo "2865"]
[TimeControl "180+1"]
[EndTime "15:17:33 PDT"]
[Termination "Njal28 won by resignation"]

1. d4 Nf6 2. c4 c6 3. Nc3 d5 4.
Nf3 dxc4 5. e4 b5 6. a4 b4 7. Na2 Nxe4 8. Bxc4 Nd6 9. Bb3 a5 10. O-O Bf5 11. Ne5 e6 12. Re1 Be7 13. Bf4 O-O 14. Nc1 Qb6 15. Ncd3 Qxd4 16. Be3 Qh4 17. Nf3 Qe4 18.
Bg5 Qxd3 19. Bxe7 Nb7 20. Bxf8 Kxf8 21. Nd4 Qxd1 22. Raxd1 Bg6 23. Bxe6 fxe6 24. Nxe6+ Kf7 25. Nd8+ Nxd8 26. Rxd8 Ra7 27. Rxb8 Rc7 28. f4 c5 29. f5 Bxf5 30. Rf1 Kg6 31. Rb6+ Kg5 32. g3 g6 33. h4+ Kg4 34. Kh2 c4 35. Rb5 Kh5 36. Rg1 Kh6 37.
g4 Bd3 38. Rxa5 c3 39. bxc3 bxc3 40. Rc1 c2 41. Rd5 Be4 42. Rd4 Re7 43. a5 g5 44.
a6 gxh4 45. a7 Rxa7 1-0

[Event "Late-Titled-Tuesday-Blitz-April-30-2024"]
[Site "Chess.com"]
[Date "2024.04.30"]
[Round "7"]
[White "HajiyevKanan"]
[Black "Hudijegszid"]
[Result "0-1"]
[WhiteElo "2616"]
[BlackElo "2478"]
[TimeControl "180+1"]
[EndTime "15:17:33 PDT"]
[Termination "Hudijegszid won by checkmate"]

1. d4 d5 2. Nf3 e6 3. c4 a6 4. cxd5 exd5 5. Nc3 h6 6. Bf4 Nf6 7. e3 Bd6 8. Bxd6 Qxd6 9. Bd3 O-O 10. Qc2 Nc6 11.
a3 Bg4 12. Nd2 Ne7 13. O-O c6 14. b4 g6 15. h3 Bf5 16. Nf3 Bxd3 17. Qxd3 Nf5 18.
Rab1 Qe7 19. a4 b5 20. Ne5 Rfc8 21. Rfc1 Nd6 22. Ne2 Nc4 23. f4 Ne4 24. Nxc4 bxc4 25. Qc2 Rcb8 26. Nc3 Nd6 27. Re1 Re8 28. b5 axb5 29.
axb5 Nxb5 30. Nxb5 cxb5 31. Rxb5 Ra3 32. Rxd5 Rxe3 33.
Rxe3 Qxe3+ 34. Qf2 Qc1+ 35. Kh2 c3 36. Rc5 Qd2 37. Qg3 c2 38. Qc3 Qxf4+ 39. Kg1 Re2 40. Rc8+ Kh7 41. Kh1 Qf1+ 42. Kh2 Rxg2# 0-1

[Event "Late-Titled-Tuesday-Blitz-April-30-2024"]
[Site "Chess.com"]
[Date "2024.04.30"]
[Round "7"]
[White "canary2016"]
[Black "jactorres"]
[Result "1-0"]
[WhiteElo "2245"]
[BlackElo "2417"]
[TimeControl "180+1"]
[EndTime "15:17:33 PDT"]
[Termination "canary2016 won by checkmate"]

1. d4 Nf6 2. c4 e6 3. Nf3 b6 4. g3 Bb7 5. Bg2 Be7 6. O-O O-O 7. Nc3 d6 8. Qc2 Nbd7 9. e4 e5 10. d5 a5 11. a4 Nc5 12. Be3 Ba6 13. b3 Bb7 14.
Nd2 Nfd7 15. f4 exf4 16. Bxf4 Bf6 17. Rac1 Ne5 18. Bxe5 Bxe5 19. Nf3 Bxc3 20. Qxc3 Nxe4 21. Qd4 Nc5 22. Rc3 h6 23. Nh4 Bc8 24. Rcf3 Bd7 25. Nf5 Bxf5 26. Rxf5 Qe7 27. R5f3 Rae8 28. Bh3 Qe4 29.
Qd2 Re5 30. Bf5 Qe2 31. Qf4 g5 32. Qg4 Kg7 33. Qh5 Qd2 34. Bg4 Re2 35. Rxf7+ Rxf7 36. Qxf7+ Kh8 37. Qf8+ Kh7 38. Bf5# 1-0

[Event "Late-Titled-Tuesday-Blitz-April-30-2024"]
[Site "Chess.com"]
[Date "2024.04.30"]
[Round "7"]
[White "Charodej1"]
[Black "protectiago"]
[Result "1-0"]
[WhiteElo "2416"]
[BlackElo "2060"]
[TimeControl "180+1"]
[EndTime "15:17:33 PDT"]
[Termination "Charodej1 won on time"]

1. c4 c5 2. Nf3 Nc6 3. Nc3 e5 4. d3 g6 5. g3 Bg7 6. Bg2 d6 7. O-O Be6 8. Bd2 Nge7 9. Rb1 O-O 10. a3 a5 11. h4 Rb8 12. h5 d5 13. Ng5 Qd7 14.
cxd5 Bxd5 15. Nxd5 Nxd5 16. Ne4 b6 17. Qb3 Nd4 18. Qd1 a4 19. e3 Nb3 20. Be1 Rbd8 21. Nd2 Nxd2 22. Bxd2 Nc7 23. Bc3 Qxd3 24. Qxa4 b5 25.
Qh4 Ne6 26. Be4 Qc4 27. Rbc1 f5 28. Bc6 Qxh4 29. gxh4 e4 30. Bxb5 Bxc3 31. Rxc3 Rd2 32. b4 cxb4 33. axb4 Kg7 34. hxg6 hxg6 35. Bc4 Nd8 36.
b5 Nb7 37. b6 Rb8 38. Ba6 Nd6 39. b7 Rb2 40. Rc7+ Kf6 41. Rc6 Ke7 42. Rd1 Nxb7 43.
Rxg6 Nc5 44. Bf1 Nd3 45. Bxd3 exd3 46. Rxd3 Kf7 47. Rg5 Kf6 48. Rd5 Rb1+ 49. Kg2 Rh8 50.
Rdxf5+ Ke6 51. h5 Rb2 52. Re5+ Kf6 53. Ra5 1-0

[Event "Late-Titled-Tuesday-Blitz-April-30-2024"]
[Site "Chess.com"]
[Date "2024.04.30"]
[Round "7"]
[White "Boninknights"]
[Black "Mikhal867"]
[Result "1-0"]
[WhiteElo "2378"]
[BlackElo "2533"]
[TimeControl "180+1"]
[EndTime "15:17:34 PDT"]
[Termination "Boninknights won on time"]

1. d4 Nf6 2. Nf3 g6 3. c4 Bg7 4. Nc3 O-O 5. e4 d6 6. Be2 e5 7.
dxe5 dxe5 8. Qxd8 Rxd8 9. Bg5 c6 10. Nxe5 Re8 11. O-O-O Nxe4 12. Nxe4 Bxe5 13. Bf3 Be6 14.
b3 Nd7 15. Nd6 Reb8 16. Rhe1 Bf6 17. Bf4 g5 18. Bg3 g4 19. Be4 Nc5 20. Bf5 a5 21. Bxe6 fxe6 22. Ne4 Nxe4 23. Bxb8 Nc3 24. Be5 Bg5+ 25.
Kc2 Nxd1 26. Rxd1 a4 27. Rd7 axb3+ 28. Kxb3 Bc1 29. a4 Ra5 30. Bd4 e5 31. Bb6 Ra6 32. Rxb7 h5 33. a5 h4 34. Rc7 e4 35. Rxc6 Kf7 36.
Ka4 Bd2 37. Kb5 Ra8 38. a6 Be1 39. a7 h3 40. gxh3 gxh3 41. Rh6 Bd2 42. Rxh3 Bf4 43. Rh4 1-0

[Event "Late-Titled-Tuesday-Blitz-April-30-2024"]
[Site "Chess.com"]
[Date "2024.04.30"]
[Round "7"]
[White "aranibos"]
[Black "RuperezA"]
[Result "0-1"]
[WhiteElo "2321"]
[BlackElo "2620"]
[TimeControl "180+1"]
[EndTime "15:17:36 PDT"]
[Termination "RuperezA won by resignation"]

1. d4 Nf6 2. Nf3 e6 3. Bg5 d5 4. Nbd2 Be7 5. c3 O-O 6. Bxf6 Bxf6 7. e4 dxe4 8. Nxe4 b6 9. Bd3 Bb7 10. h4 Nd7 11. Qe2 c5 12. dxc5 Nxc5 13. Nxc5 bxc5 14. O-O-O Qc7 15. Bxh7+ Kxh7 16. Ng5+ Kg8 17. Qh5 Qf4+ 18.
Kb1 Qf5+ 19. Ka1 Qg6 20. Qxg6 fxg6 21. Nxe6 Rf7 22. Nxc5 Bxg2 23. Rhg1 Bf3 24. Rd2 Bh5 25. a4 Bxh4 26. Rg2 Rc8 27. Nb3 Rcf8 28. Nd4 Rxf2 29.
Ne6 Rxg2 30. Rxg2 Rf1+ 31. Ka2 Bf6 32. Ng5 Bd1 33. Ne4 Kf7 34. Rd2 Bxa4 35. Nd6+ Kg8 36. c4 g5 37. c5 g4 38. Ne4 Bc6 39. Ng3 Rf3 40. Nh5 g3 41. Nxg3 Rxg3 42. Rd6 Be4 43. c6 Rg2 44. c7 Rxb2+ 45. Ka3 Bb7 46. Rxf6 gxf6 47. Kxb2 Kf7 48. Kc3 Ke7 49. Kd4 Kd6 50. Ke3 Kxc7 51. Kf4 a5 52. Kf5 a4 53.
Kxf6 a3 54. Ke5 a2 0-1

[Event "Late-Titled-Tuesday-Blitz-April-30-2024"]
[Site "Chess.com"]
[Date "2024.04.30"]
[Round "7"]
[White "jcibarra"]
[Black "bascheyaro"]
[Result "1-0"]
[WhiteElo "3010"]
[BlackElo "2848"]
[TimeControl "180+1"]
[EndTime "15:17:38 PDT"]
[Termination "jcibarra won by resignation"]

1. e4 e6 2. d3 d5 3. Qe2 Nf6 4. Nf3 c5 5. g3 Nc6 6. Bg2 g6 7. O-O Bg7 8. e5 Nd7 9. Bf4 h6 10. h4 Qc7 11. Re1 Nd4 12. Nxd4 cxd4 13. c4 dxc4 14.
dxc4 Nc5 15. Nd2 Bd7 16. b4 Na4 17. Ne4 Nc3 18. Qd3 Nxe4 19. Bxe4 Bc6 20. Qxd4 Bxe4 21. Rxe4 O-O 22. Qe3 h5 23. Rd4 Rfd8 24. Rad1 Rxd4 25. Rxd4 Rc8 26. Qd3 Bxe5 27. Rd7 Qb8 28. Bxe5 Qxe5 29. Rxb7 a5 30. b5 Qc5 31. Qd7 Rf8 32. Rc7 Qb4 33. Rc8 Qe1+ 34. Kg2 Qe4+ 35. Kh2 Qc2 36. Rxf8+ Kxf8 37. Qd6+ Kg8 38. Qd8+ Kh7 39. Qf6 Kg8 40. b6 Qb1 41. c5 Qb5 42. Qd8+ Kh7 43. Qc7 Kh6 44. b7 Qb2 45. Qf4+ Kg7 46. b8=Q Qxa2 47.
Qbe5+ 1-0

[Event "Late-Titled-Tuesday-Blitz-April-30-2024"]
[Site "Chess.com"]
[Date "2024.04.30"]
[Round "7"]
[White "Shiner22"]
[Black "HandKnit"]
[Result "0-1"]
[WhiteElo "2295"]
[BlackElo "2504"]
[TimeControl "180+1"]
[EndTime "15:17:38 PDT"]
[Termination "HandKnit won on time"]

1. e4 c5 2. d4 cxd4 3. c3 dxc3 4. Nxc3 Nc6 5. Nf3 e6 6. Bc4 a6 7.
O-O b5 8. Bb3 Na5 9. Re1 Nxb3 10. axb3 Bb7 11. Bf4 Bb4 12. Qd4 Bxc3 13. bxc3 f6 14.
Bd6 Ne7 15. b4 O-O 16. Nd2 Rf7 17. c4 f5 18. Bxe7 Qxe7 19. c5 Raf8 20. e5 g5 21. Qd6 Qd8 22. Nb3 Qa8 23. Nd4 Bxg2 24. Rxa6 Qd5 25.
Qxd5 Bxd5 26. Nxb5 f4 27. Nd6 Rg7 28. b5 g4 29. c6 dxc6 30. bxc6 g3 31. fxg3 fxg3 32. h3 g2 33. Rb6 Rg3 34. c7 Rxh3 35. Ne4 Rh1+ 36.
Kxg2 Rxe1 37. Rb8 Bxe4+ 38. Kg3 Rc1 39. Rb4 Rxc7 40. Rxe4 Rf5 0-1

[Event "Late-Titled-Tuesday-Blitz-April-30-2024"]
[Site "Chess.com"]
[Date "2024.04.30"]
[Round "7"]
[White "NowInChess"]
[Black "2L8IWUN"]
[Result "1-0"]
[WhiteElo "2257"]
[BlackElo "2053"]
[TimeControl "180+1"]
[EndTime "15:17:38 PDT"]
[Termination "NowInChess won on time"]

1. e4 c5 2. d3 g6 3. g3 Bg7 4.
Bg2 Nc6 5. f4 d6 6. Nf3 e6 7. O-O Nge7 8. c3 O-O 9. Be3 b6 10.
d4 d5 11. e5 Nf5 12. Bf2 cxd4 13. cxd4 h5 14. Nc3 Ba6 15. Re1 Rc8 16. Rc1 Qd7 17. h3 Nb4 18. Bf1 Bxf1 19. Rxf1 Rc7 20. a3 Nc6 21.
Nb5 Rcc8 22. g4 hxg4 23. hxg4 Nh6 24. Nd6 Nxg4 25. Nxc8 Rxc8 26. Ng5 Nh6 27. Qd3 Nf5 28. Rc2 Bf8 29. Rfc1 Nce7 30. Qh3 Bh6 31. Rxc8+ Nxc8 32. Qc3 Nce7 33. Qc7 Qa4 34. Qd8+ Kg7 35. Kg2 Bxg5 36.
fxg5 Qb3 37. Rh1 Ng8 38. Qc7 1-0

[Event "Late-Titled-Tuesday-Blitz-April-30-2024"]
[Site "Chess.com"]
[Date "2024.04.30"]
[Round "7"]
[White "Sanan_Sjugirov"]
[Black "GothamChess"]
[Result "1-0"]
[WhiteElo "2998"]
[BlackElo "2683"]
[TimeControl "180+1"]
[EndTime "15:17:39 PDT"]
[Termination "Sanan_Sjugirov won on time"]

1. e4 e6 2. d4 d5 3. Nc3 dxe4 4. Nxe4 Nf6 5. Nxf6+ gxf6 6. g3 Nc6 7. Ne2 Qd5 8.
Rg1 e5 9. Bg2 Qa5+ 10. Bd2 Qb6 11. d5 Nb4 12. a3 Na6 13. b4 Bg4 14. c4 O-O-O 15. Be3 c5 16. Qa4 Bd7 17. Qc2 Qd6 18. b5 Nc7 19. Be4 Ne8 20. g4 Ng7 21. Bh6 Ne8 22. Be3 Ng7 23. h3 h5 24. O-O-O hxg4 25. hxg4 Rh4 26. f3 a6 27. a4 Qb6 28. Rh1 Rxh1 29. Rxh1 axb5 30. axb5 Ne8 31. Bf5 Nd6 32. Bxd7+ Kxd7 33. Nc3 Nxc4 34. Na4 Qxb5 35. Nc3 Nxe3 36.
Nxb5 Nxc2 37. Kxc2 Ra8 38. Rh7 Ke7 39. d6+ Kd7 40.
Rxf7+ Kc6 41. Nc7 Rc8 42. d7 Ra8 43. Ne6 1-0

[Event "Late-Titled-Tuesday-Blitz-April-30-2024"]
[Site "Chess.com"]
[Date "2024.04.30"]
[Round "7"]
[White "PawnEatingZombie"]
[Black "masterofpuppets2"]
[Result "0-1"]
[WhiteElo "2213"]
[BlackElo "2463"]
[TimeControl "180+1"]
[EndTime "15:17:39 PDT"]
[Termination "masterofpuppets2 won on time"]

1. e4 e5 2. Nf3 Nc6 3. Nc3 Nf6 4. Bb5 Bc5 5. Nxe5 Nxe5 6. d4 Bd6 7. dxe5 Bxe5 8.
O-O O-O 9. Bd3 Re8 10. Qf3 d6 11. h3 Bd7 12. Bd2 h6 13. Rae1 a6 14. Qd1 b5 15.
f4 Bd4+ 16. Kh2 Bb6 17. a3 Bc6 18. Be3 Bxe3 19. Rxe3 d5 20. e5 d4 21. Rg3 dxc3 22.
exf6 Qxf6 23. bxc3 Kh8 24. Qg4 Rad8 25. f5 Re5 26. c4 bxc4 27. Qxc4 a5 28. Qa6 Qd6 29. Rg4 Ra8 30. Qc4 Re4+ 31. Kh1 Rxc4 32. Bxc4 f6 33. Bf7 Bd5 34. Bg6 Qe5 35. Rgf4 Rb8 36. Ra4 Qg3 37. Rg4 Qxh3+ 38. Kg1 Qxg4 0-1

[Event "Late-Titled-Tuesday-Blitz-April-30-2024"]
[Site "Chess.com"]
[Date "2024.04.30"]
[Round "7"]
[White "DeTimmerman"]
[Black "SCIM"]
[Result "1-0"]
[WhiteElo "2788"]
[BlackElo "2559"]
[TimeControl "180+1"]
[EndTime "15:17:41 PDT"]
[Termination "DeTimmerman won by resignation"]

1. b4 e5 2. Bb2 Bxb4 3. Bxe5 Nf6 4. Nc3 c6 5. a3 Be7 6. e3 O-O 7. Nf3 d6 8. Bg3 Bf5 9. Bd3 Bg6 10. Ne2 Nbd7 11.
Nf4 Nc5 12. Be2 Re8 13. O-O Nce4 14. c4 Nxg3 15. hxg3 d5 16. d4 Be4 17. Nd2 Bd6 18.
Nxe4 Nxe4 19. cxd5 Bxf4 20. gxf4 Nc3 21. Qc2 Nxe2+ 22. Qxe2 Qxd5 23. Rab1 b6 24. Qc2 Rad8 25. Rfe1 Rd6 26. f3 h5 27. Rbd1 Qa5 28. a4 Red8 29. Rc1 h4 30. Kh2 Qh5 31. Qf2 Rg6 32. e4 Qh6 33. Qe3 Rg3 34. Re2 Rxd4 35. Qxd4 Qxf4 36. Qe3 Rh3+ 37. Kg1 Qh2+ 38. Kf2 Qg3+ 39. Kg1 Qh2+ 40. Kf1 Rg3 41. Qg1 1-0